 Dungeon Crawl Stone Soup version 0.28.0-45-g0d030f2227 (webtiles) character file.

Game seed: 9700727612370890297

133 H0rd4k the Magician (level 4, -1/24 HPs)
             Began as a Deep Elf Hedge Wizard on Apr 21, 2022.
             Was an Initiate of Gozag.
             Slain by an orc warrior
             ... wielding a +0 scimitar
              (15 damage)
             ... on level 3 of the Dungeon.
             The game lasted 00:04:04 (4204 turns).

H0rd4k the Magician (Deep Elf Hedge Wizard)         Turns: 4204, Time: 00:04:05

Health: -1/24      AC:  2    Str:  7    XL:     4   Next: 94%
Magic:  5/14       EV: 13    Int: 21    God:    Gozag
Gold:   51         SH:  0    Dex: 14    Spells: 6/15 levels left

rFire   . . .      SeeInvis .   a - +0 dagger
rCold   . . .      Faith    .   (no shield)
rNeg    . . .      Spirit   .   b - +0 robe
rPois   .          Reflect  .   c - +0 hat
rElec   .          Harm     .   (no cloak)
rCorr   .          Rampage  .   (no gloves)
Will    .....                   (no boots)
Stlth   ++........              (no amulet)
HPRegen 0.08/turn               (no ring)
MPRegen 0.14/turn               (no ring)

@: very slightly contaminated
A: no striking features
a: Renounce Religion, Potion Petition, Call Merchant, Bribe Branch


You were on level 3 of the Dungeon.
You worshipped Gozag.
Gozag was noncommittal.
You visited 2 branches of the dungeon, and saw 5 of its levels.

You collected 84 gold pieces.
You paid 33 gold pieces to Gozag.

Inventory:

Hand Weapons
 a - a +0 dagger (weapon)
Armour
 b - a +0 robe (worn)
 c - a +0 hat (worn)
Scrolls
 e - a scroll of vulnerability {unknown}
 i - a scroll of summoning {unknown}
 j - a scroll of teleportation {unknown}
Potions
 d - 2 potions of lignification {unknown}
 f - 2 potions of curing {unknown}
 g - a potion of heal wounds {unknown}
 h - 3 potions of haste {unknown}
 k - a potion of degeneration {unknown}
 l - a potion of flight {unknown}
 m - a potion of attraction {unknown}


   Skills:
 + Level 0.2 Fighting
 + Level 3.2 Dodging
 - Level 2.4 Stealth
 + Level 6.2 Spellcasting
 + Level 1.9 Conjurations
 + Level 1.1 Summonings
 + Level 1.1 Translocations
 * Level 1.1 Fire Magic
 * Level 1.2 Air Magic
 * Level 0.5 Poison Magic


You had 6 spell levels left.
You knew the following spells:

 Your Spells              Type           Power      Damage    Failure   Level
a - Magic Dart            Conj           56%        1d5       4%          1
b - Blink                 Tloc           22%        N/A       9%          2
c - Conjure Flame         Conj/Fire      13%        6-21      16%         3
d - Mephitic Cloud        Conj/Pois/Air  11%        N/A       17%         3

Your spell library contained the following spells:

 Spells                   Type           Power      Damage    Failure   Level
 Call Imp                 Summ           11%        N/A       9%          2
 Slow                     Hex            24%        N/A       10%         1
 Ensorcelled Hibernation  Hex/Ice        12%        N/A       14%         2
 Passwall                 Tmut/Erth      5%         N/A       14%         2
 Swiftness                Air            11%        N/A       17%         3
 Animate Dead             Necr           3%         N/A       67%         4
 Haunt                    Necr/Summ      4%         N/A       100%        7
 Infestation              Necr           3%         N/A       100%        8


Dungeon Overview and Level Annotations

Branches:
Dungeon (4/15)             Temple (1/1) D:4

Altars:
Ashenzari
Cheibriados
Dithmenos
Elyvilon
Fedhas
Gozag
Hepliaklqana
Kikubaaqudgha
Makhleb
Nemelex Xobeh
Okawaru
Qazlal
Ru
Sif Muna
Trog
Vehumet
Wu Jian
Xom
Yredelemnul
Zin

Annotations:
D:2 exclusion: 2 upstairs


Message History

Found a cloak.
There is a stone staircase leading up here.
The orc warrior hits you with a +0 scimitar!
You climb upwards.
There is a stone staircase leading down here.
Casting: Magic Dart (safe; 4% risk of failure)
Confirm with . or Enter, or press ? or * to list all spells.
You blink.
Casting: Blink (safe; 9% risk of failure)
Confirm with . or Enter, or press ? or * to list all spells.
The spell is quite dangerous to miscast (16% risk of failure)!
Continue anyway?
The fire begins to smoulder!
The fire ignites!
You feel stable enough to blink again.
Casting: Conjure Flame (quite dangerous; 16% risk of failure)
Confirm with . or Enter, or press ? or * to list all spells.
The spell is extremely dangerous to miscast (17% risk of failure)!
Continue anyway?
Okay, then.
Unknown command.
Casting: Mephitic Cloud (extremely dangerous; 17% risk of failure)
Confirm with . or Enter, or press ? or * to list all spells.
The spell is extremely dangerous to miscast (17% risk of failure)!
Continue anyway?
Aiming: Mephitic Cloud (extremely dangerous; 17% risk of failure)
Press: ? - help, Shift-Dir - straight line, f - orc warrior
Aim: an orc warrior, wielding a +0 scimitar and wearing a +0 chain mail (chance to affect: 81%)
The ball explodes into a vile cloud!
The stinking cloud engulfs the orc warrior but does no damage.
The orc warrior is engulfed in noxious fumes.
You miscast Magic Dart.
You are very lightly contaminated with residual magic.
Nothing appears to happen.
The orc warrior is engulfed in blazing flames.
The orc warrior barely misses you.
The magic dart hits the orc warrior but does no damage.
The orc warrior is heavily wounded.
The orc warrior is engulfed in blazing flames.
The orc warrior hits you with a +0 scimitar!
Ouch! That really hurt!
You die...
Your body crumbles into a pile of gold.

#############
######...........#
.....#.###..####@#
####.#.###..####o#
####.#.##.....##○#
#...........#.##○#
..##.#......#.##.#
####.#####.......#
.....# #.......#
######## #.##.##.#
.......# #.##..#>#


You could see an orc warrior.

Vanquished Creatures
  A hound (D:4)
  A gnoll (D:1)
  2 adders
  3 worms
  3 dart slugs
  5 ball pythons
  5 endoplasms
  5 giant cockroaches
  3 goblins
  7 hobgoblins
  3 jackals (D:1)
  3 kobolds
  5 quokkas
  2 bats (D:1)
  5 frilled lizards
  5 rats
58 creatures vanquished.

Notes
Turn   | Place    | Note
-------+----------+-------------------------------------------
     0 | D:1      | H0rd4k the Deep Elf Hedge Wizard began the quest for the
                  | Orb.
     0 | D:1      | Reached XP level 1. HP: 10/10 MP: 7/7
   308 | D:1      | Reached XP level 2. HP: 15/15 MP: 7/9
   752 | D:2      | Reached skill level 5 in Spellcasting
  1332 | D:2      | Reached XP level 3. HP: 19/19 MP: 5/11
  1335 | D:2      | Learned a level 2 spell: Blink
  1339 | D:2      | Learned a level 3 spell: Conjure Flame
  1343 | D:2      | Learned a level 3 spell: Mephitic Cloud
  2652 | D:1      | Found a faded altar of an unknown god.
  2708 | D:1      | Reached skill level 6 in Spellcasting
  2708 | D:1      | Reached XP level 4. HP: 24/24 MP: 7/14
  3584 | D:3      | You fall into a shaft and drop 1 floor!
  3584 | D:4      | Found a staircase to the Ecumenical Temple.
  3598 | D:4      | Reached skill level 1 in Fire Magic
  3598 | D:4      | Reached skill level 1 in Air Magic
  3703 | D:4      | Noticed a necrophage
  3739 | Temple   | Entered the Ecumenical Temple
  4070 | Temple   | Became a worshipper of Gozag Ym Sagoz the Greedy
  4131 | D:4      | Noticed an orc warrior
  4204 | D:3      | Slain by an orc warrior

Illustrated notes

Levels and vault maps discovered:
D:1:      dpeg_arrival_rhombi, layout_loops_ring, ebering_ecumenical_altar_hall,
          st_stairs_9
D:2:      layout_basic
D:3:      layout_loops_cross, hangedman_abyss_or_decor_stabs,
          minmay_misc_feat_tiny
D:4:      layout_loops_cross, minmay_temple_entry_mini_moons,
          hangedman_decor_lopped
Temple:   mainiacjoe_temple_cubbyholes

Skill      XL: |  1  2  3  4 |
---------------+-------------+-----
Dodging        | 3 |  3.2
Spellcasting   | 5 6 |  6.2
Fire Magic     | 1 |  1.1
Air Magic      | 1 |  1.2
Fighting       | |  0.2
Stealth        | |  2.4
Conjurations   | |  1.9
Summonings     | |  1.1
Translocations | |  1.1
Poison Magic   | |  0.5

Action                   |  1- 3 |  4- 6 || total
-------------------------+-------+-------++-------
Melee: Dagger            |     5 |       ||     5
 Cast: Magic Dart        |   151 |    52 ||   203
       Blink             |     3 |     1 ||     4
       Conjure Flame     |       |     1 ||     1
       Mephitic Cloud    |       |     1 ||     1
Armor: Robe              |     5 |     3 ||     8
Dodge: Dodged            |    36 |     7 ||    43
